 Dungeon Crawl Stone Soup version 0.31-a0-840-g6d2ecbb638 (webtiles) character file.

Game seed: 13070311376236100987

182964 DocSulfur the Impaler (level 17, -3/126 HPs)
             Began as a Vampire Berserker on Sept 26, 2023.
             Was a High Priest of Trog.
             Shot with a bolt by a naga sharpshooter (19 damage)
             ... on level 1 of the Snake Pit on Sept 27, 2023.
             The game lasted 01:34:27 (31968 turns).

DocSulfur the Impaler (Vampire Berserker)          Turns: 31968, Time: 01:34:27

Health: -3/126     AC: 13    Str: 28    XL:     17   Next: 36%
Magic:  17/17      EV: 35    Int: 10    God:    Trog [*****.]
Gold:   2516       SH:  4    Dex: 15    Spells: 16/16 levels left

rFire   + . .        O - +7 glaive (heavy)
rCold   + + +        (shield currently unavailable)
rNeg    . . .        s - +4 skin of Zhor {*Englaciate rC+++ SInv}
rPois   +            y - +0 hat of Pan-Flutes {Str+5}
rElec   .            D - +2 cloak {rCorr}
rCorr   +            h - +1 pair of gloves
SInv    +            g - +1 pair of boots {Stlth+}
Will    +....        F - amulet of the acrobat
Stlth   ++           P - ring "Gadioce" {rPois rF+ rC+ Str-5}
HPRegen 0.61/turn    p - +6 ring of strength
MPRegen 0.15/turn

%: acrobat
@: acrobatic, healing quickly, studying Fighting
A: alive, fangs 3, see invisible, vampiric 2, large bone plates 1, sturdy frame
1
}: 1/15 runes: barnacled
a: Exsanguinate, Renounce Religion, Berserk, Trog's Hand, Brothers in Arms


You were on level 1 of the Snake Pit.
You worshipped Trog.
Trog was extremely pleased with you.
You visited 6 branches of the dungeon, and saw 28 of its levels.
You also visited: Sewer, Ossuary and Ice Cave.

You collected 3395 gold pieces.
You spent 879 gold pieces at shops.

Inventory:

Hand Weapons
 I - a +2 antimagic glaive
 O - a +7 heavy glaive (weapon)
Missiles
 n - 6 silver javelins
 C - 7 curare-tipped darts
 K - 31 boomerangs (quivered)
 L - 4 throwing nets
 V - 16 javelins
Armour
 g - a +1 pair of boots of stealth (worn)
 h - a +1 pair of gloves (worn)
 s - the +4 skin of Zhor (worn) {*Englaciate rC+++ SInv}
   (You found it in an ice cave)

   *Englaciate: It radiates cold, occasionally slowing all nearby creatures who
   are not resistant to cold.
   rC+++:     It renders you almost immune to cold.
   SInv:      It lets you see invisible.
 y - the +0 hat of Pan-Flutes (worn) {Str+5}
   (You acquired it on level 2 of the Lair of Beasts)

   Str+5:     It affects your strength (+5).
 D - a +2 cloak of preservation (worn)
 T - the +5 steam dragon scales of Least Resistance {Slay+2}
   (You found it on level 10 of the Dungeon)

   Slay+2:    It affects your accuracy & damage with ranged weapons and melee
   (+2).
Jewellery
 p - a +6 ring of strength (right hand)
 F - an amulet of the acrobat (around neck)
 P - the ring "Gadioce" (left hand) {rPois rF+ rC+ Str-5}
   (You found it on level 10 of the Dungeon)

   [ring of protection from fire]

   Str-5:     It affects your strength (-5).
   rF+:       It protects you from fire.
   rC+:       It protects you from cold.
   rPois:     It protects you from poison
 Q - a ring of protection from fire
 R - a ring of flight
Talismans
 Y - a granite talisman
Wands
 d - a wand of polymorph (10)
 r - a wand of paralysis (32)
 v - a wand of mindburst (8)
 H - a wand of iceblast (4)
 M - a wand of quicksilver (13)
 U - a wand of digging (4)
 X - a wand of flame (10)
Scrolls
 b - 3 scrolls of identify
 c - a scroll of fear
 f - a scroll of enchant armour
 i - 3 scrolls of enchant weapon
 m - 5 scrolls of vulnerability
 u - 3 scrolls of immolation
 x - a scroll of butterflies
 B - 2 scrolls of fog
 E - 4 scrolls of teleportation
 J - 3 scrolls of poison
 Z - a scroll of revelation
Potions
 a - 2 potions of cancellation
 e - 5 potions of enlightenment
 j - a potion of resistance
 k - a potion of invisibility
 l - 5 potions of curing
 q - 6 potions of lignification
 w - 3 potions of ambrosia
 z - 2 potions of mutation
 A - 6 potions of haste
 G - 3 potions of might
 N - 2 potions of attraction
Miscellaneous
 S - a sack of spiders
 W - a phantom mirror


   Skills:
 - Level 9.4 Fighting
 - Level 20.0 Polearms
 - Level 6.0 Throwing
 - Level 1.7 Armour
 + Level 14.6 Dodging
 - Level 8.0 Evocations
 + Level 13.6 Shapeshifting


You had 16 spell levels left.
You didn't know any spells.
Your spell library contained the following spells:

 Spells                   Type           Power      Damage    Failure   Level
 Magic Dart               Conj           0%         1d3       36%         1


Dungeon Overview and Level Annotations

Branches:
Dungeon (15/15)            Temple (1/1) D:6            Lair (5/5) D:11
 Shoals (4/4) Lair:2        Snake (1/4) Lair:3        Slime (0/5) Lair:4
    Orc (2/2) D:10            Elf (0/3) Orc:2        Vaults (0/5) D:14
 Depths (0/4) D:15          Sewer (visited)         Ossuary (visited)
  IceCv (visited)

Altars:
Ashenzari
Cheibriados
Dithmenos
Fedhas
Gozag
Hepliaklqana
Kikubaaqudgha
Makhleb
Nemelex Xobeh
Okawaru
Qazlal
Ru
Sif Muna
Trog
Uskayaw
Vehumet
Wu Jian
Xom
Yredelemnul
Jiyva

Shops:
D:3 :   D:13 (   Orc:2 ![?:   Shoals:1 [   Shoals:3 =:?

Annotations:
Lair:2 exclusion: oklob plant
Shoals:2 3 runed translucent doors, Nr616's ghost, adept MiGl; Roxanne
Shoals:3 1 runed translucent door, EnegeticOcto's ghost, adept DECK


Innate Abilities, Weirdness & Mutations

Your natural rate of healing is accelerated.
You have razor-sharp teeth.
You have supernaturally acute eyesight. (SInv)
You are afflicted with vampirism and can become a bat while bloodless.
You are partially covered in large bone plates. (SH +4)
Your movements are slightly less encumbered by armour. (ER -2)


Message History

Trog accepts your kill.
Trog appreciates your killing of a magic user.
Your troll bites the naga sharpshooter!
Your troll claws the naga sharpshooter! x2
The naga sharpshooter unwields a +0 arbalest.
The naga sharpshooter wields a +0 glaive.
The naga sharpshooter hits your troll with a +0 glaive!!
Your troll dies!
Your troll's corpse disappears in a puff of smoke!
The naga sharpshooter shouts!
Reach: O) +7 glaive (heavy)
Press: ? - help, Dir - move target, f - mana viper
Aim: a mana viper (slow, about 36% to evade your +7 heavy glaive)
You reach to attack!
You barely miss the mana viper.
The naga sharpshooter unwields a +0 glaive.
The naga sharpshooter wields a +0 arbalest.
The naga sharpshooter mumbles some strange words.
The naga sharpshooter magically shoots a bolt.
The bolt hits you!!
* * * LOW HITPOINT WARNING * * *
You take 26 damage, and have 35/126 hp.
MASSIVE DAMAGE!!
You slice the mana viper!! Your bite misses the mana viper.
The mana viper is heavily wounded.
You radiate an aura of cold.
The mana viper seems to slow down.
The naga sharpshooter seems to slow down.
You block the mana viper's attack.
The naga sharpshooter casts a spell.
The naga sharpshooter magically shoots a bolt.
The bolt hits you!!
* * * LOW HITPOINT WARNING * * *
You take 21 damage, and have 14/126 hp.
You chop the mana viper into pieces!!!
You kill the mana viper!
Trog accepts your kill.
The naga sharpshooter is no longer moving slowly.
The naga sharpshooter spits poison at you.
The splash of poison misses you.
The naga sharpshooter casts a spell.
The naga sharpshooter magically shoots a bolt.
The bolt hits you!!
You die...

## ##.# .. ###..###.
##....... ##
##....... ##.#
#..[....##..####.
###...^....).......
##.....)....#)#..#.
#...........@..#
.......<...).N......
....................
..............#.....
.......##....##.....
....... .....# ....
.#..#......)..# ...
#..#.........# ...
#. #.. ....#


You could see a naga sharpshooter (catching breath).

Vanquished Creatures
  Nikola (Shoals:2)
  Mlioglotl (Shoals:1)
  A lich (IceCv)
  Polyphemus (Shoals:2)
  Gastronok (D:11)
  A very ugly thing (Shoals:3)
  A formless jellyfish (Shoals:4)
  Nessos (D:12)
  5 merfolk javelineers
  3 merfolk impalers
  A fire dragon (Lair:5)
  A great orb of eyes (D:15)
  2 ogre magi
  Harold (D:11)
  A death knight (D:14)
  3 hydras
  A merfolk avatar (Shoals:1)
  A caustic shrike simulacrum (IceCv)
  A merfolk aquamancer (Shoals:4)
  4 catoblepae
  5 centaur warriors
  3 satyrs (Shoals:4)
  9 two-headed ogres
  A tengu warrior (D:14)
  17 death yaks
  An orc high priest (Orc:2)
  4 boulder beetles
  A naga sharpshooter (Snake:1)
  4 skysharks
  4 sea snakes
  A wizard (D:14)
  An obsidian statue (IceCv)
  A deep troll (D:14)
  4 bog bodies (IceCv)
  3 lindwurms
  5 orc knights
  A swamp dragon (shapeshifter) (D:15)
  3 deep elf pyromancers
  A necromancer (IceCv)
  14 harpies
  A mana viper (Snake:1)
  12 manticores
  19 fauns
  An orc sorcerer (Orc:1)
  5 cyclopes
  24 ugly things
  2 salamanders (Snake:1)
  Maurice (D:8)
  7 elephants
  Joseph (D:9)
  8 black mambas
  2 merfolk sirens
  3 water nymphs
  6 torpor snails (Lair:5)
  10 cane toads
  An efreet (D:15)
  2 unseen horrors
  11 komodo dragons
  5 kobold demonologists
  2 rime drakes (Lair:5)
  5 yaktaurs (D:15)
  4 ice devils (IceCv)
  2 anaconda simulacra (IceCv)
  22 freezing wraiths
  4 trolls
  7 merfolk
  4 tyrant leeches (Lair:5)
  A wolf spider simulacrum (D:12)
  2 polar bears
  8 hornets
  2 alligator simulacra (IceCv)
  2 wind drakes
  Prince Ribbit (D:9)
  7 snapping turtles
  27 blink frogs
  Grinder (D:3)
  3 dream sheep (Lair:5)
  A centaur simulacrum (D:14)
  4 slime creatures (D:15)
  25 yaks
  6 wyverns
  3 shadows
  2 dire elephant simulacra (IceCv)
  3 wraiths
  4 water elementals
  2 steam dragons (D:10)
  4 basilisks
  A steam dragon (shapeshifter) (D:15)
  A minotaur simulacrum (IceCv)
  15 vampire mosquitoes
  4 wargs
  A swamp worm (D:8)
  A hydra simulacrum (IceCv)
  7 harpy simulacra (IceCv)
  2 acid dragons
  15 water moccasins
  3 ice beasts
  3 sky beasts
  2 ettin simulacra (IceCv)
  26 orc warriors
  A black bear (D:6)
  14 ogres
  12 wolves
  7 centaurs
  2 phantoms
  5 kobold brigands
  12 bullfrogs
  9 scorpions
  2 elf zombies (Ossuary)
  A deep troll simulacrum (IceCv)
  3 gnoll sergeants
  9 wights
  2 lindwurm simulacra (IceCv)
  6 howler monkeys
  A human zombie (Ossuary)
  A centaur zombie (Ossuary)
  A hound (D:6)
  5 jellies
  A gnoll bouda (D:5)
  17 orc priests
  5 sleepcaps
  2 iguanas
  20 orc wizards
  2 mummies (Ossuary)
  17 gnolls
  8 adders
  10 river rats
  3 shadow imps
  A white imp (D:4)
  An ufetubus (D:5)
  An adder zombie (Ossuary)
  5 worms
  3 dart slugs
  104 orcs
  5 ball pythons
  5 endoplasms
  2 giant cockroaches
  35 goblins
  20 hobgoblins
  2 jackals (D:5)
  28 kobolds
  8 quokkas
  3 training dummies (D:13)
  4 bats
  5 frilled lizards
  A goblin zombie (Ossuary)
  6 hobgoblin zombies (Ossuary)
  2 jackal zombies (Ossuary)
  9 kobold zombies (Ossuary)
  13 orc zombies (Ossuary)
  17 rats
  A rat zombie (Ossuary)
  A butterfly (Lair:5)
935 creatures vanquished.

Vanquished Creatures (collateral kills)
  Bai Suzhen (Shoals:4)
  Fannar (D:10)
  A hydra (Lair:5)
  A merfolk avatar (Shoals:4)
  3 death yaks (Lair:2)
  A merfolk aquamancer (Shoals:4)
  2 boulder beetles (D:10)
  4 orc high priests (Orc:2)
  Amaemon (Lair:2)
  A skeletal warrior (D:10)
  5 orc knights (Orc:2)
  2 deep elf pyromancers (D:10)
  An ugly thing (D:10)
  An orange demon (Lair:2)
  3 kobold demonologists (D:10)
  An efreet (D:10)
  3 merfolk (Shoals:4)
  2 trolls
  2 wind drakes (Shoals:4)
  A wraith (D:11)
  A vampire mosquito (D:10)
  A naga (Snake:1)
  4 orc warriors (Orc:2)
  2 kobold brigands (D:10)
  A bullfrog (D:11)
  A gnoll sergeant (D:10)
  3 killer bees (D:10)
  6 orc priests (Orc:2)
  4 orcs (Orc:2)
60 creatures vanquished.

Vanquished Creatures (others)
  2 kobolds (D:10)
2 creatures vanquished.

Grand Total: 997 creatures vanquished

Notes
Turn   | Place    | Note
-------+----------+-------------------------------------------
     0 | D:1      | DocSulfur the Vampire Berserker began the quest for the
                  | Orb.
     0 | D:1      | Reached XP level 1. HP: 17/17 MP: 1/1
   110 | D:1      | Reached XP level 2. HP: 23/23 MP: 2/2
   284 | D:1      | Reached skill level 3 in Polearms
   611 | D:2      | Reached ** piety under Trog
   612 | D:2      | Gained mutation: You are afflicted with vampirism and can
                  | become a bat while bloodless. [Vampire growth]
   612 | D:2      | Reached XP level 3. HP: 26/28 MP: 3/3
   730 | D:2      | Found a shimmering blue altar of Sif Muna.
  1215 | D:3      | Reached skill level 1 in Throwing
  1288 | D:3      | Reached XP level 4. HP: 32/34 MP: 4/4
  1561 | D:3      | Found a faded altar of an unknown god.
  1642 | D:3      | Reached skill level 4 in Polearms
  1754 | D:3      | Noticed Grinder
  1764 | D:3      | Killed Grinder
  1765 | D:3      | Reached skill level 5 in Polearms
  1765 | D:3      | Reached XP level 5. HP: 40/40 MP: 5/5
  1814 | D:3      | Found an ornate altar of the Wu Jian Council.
  1849 | D:3      | Reached XP level 6. HP: 46/46 MP: 6/6
  1999 | D:3      | Found Ruit's Book Emporium.
  2524 | D:3      | Reached *** piety under Trog
  2751 | D:4      | Reached skill level 6 in Polearms
  2759 | D:4      | Found a sand-covered staircase.
  2763 | Ossuary  | Entered an ossuary
  2807 | Ossuary  | Reached XP level 7. HP: 51/51 MP: 7/7
  2933 | Ossuary  | Reached **** piety under Trog
  3053 | D:4      | Found a glowing drain.
  3072 | Sewer    | Entered a sewer
  3287 | Sewer    | Reached skill level 7 in Polearms
  3704 | D:4      | Reached ***** piety under Trog
  3705 | D:4      | Reached XP level 8. HP: 57/57 MP: 8/8
  3728 | D:4      | Found a blossoming altar of Fedhas.
  4152 | D:5      | Entered Level 5 of the Dungeon
  4379 | D:5      | Reached skill level 8 in Polearms
  4547 | D:5      | Reached skill level 5 in Throwing
  5241 | D:6      | Reached skill level 9 in Polearms
  5463 | D:6      | Found an opulent altar of Gozag.
  5556 | D:6      | Reached XP level 9. HP: 49/62 MP: 9/9
  5713 | D:6      | Found a staircase to the Ecumenical Temple.
  5919 | D:6      | Found a bloodstained altar of Trog.
  6349 | Temple   | Entered the Ecumenical Temple
  6479 | D:7      | Found a runed translucent door.
  6527 | D:7      | Received a gift from Trog
  6567 | D:7      | Reached skill level 10 in Polearms
  6774 | D:7      | Found a sacrificial altar of Ru.
  7053 | D:7      | Found a stormy altar of Qazlal.
  7061 | D:7      | Found a hazy altar of Hepliaklqana.
  7061 | D:7      | Found an iron altar of Okawaru.
  7205 | D:7      | Reached skill level 11 in Polearms
  7534 | D:8      | Found a shadowy altar of Dithmenos.
  7603 | D:9      | Paralysed by a hornet for 3 turns
  7624 | D:9      | Noticed a troll
  7828 | D:8      | Reached XP level 10. HP: 61/69 MP: 10/10
  7833 | D:8      | Found a sparkling altar of Nemelex Xobeh.
  7897 | D:8      | Identified the staff of the Equator {rF+ Str+2 Int+4 Conj}
  7931 | D:8      | Identified the +2 spear of Demonkind {venom, rPois Stlth+}
  8079 | D:8      | Noticed Maurice
  8085 | D:8      | Maurice stole 5 silver javelins
  8087 | D:8      | Maurice stole a +4 spear of flaming
  8093 | D:8      | Maurice stole 539 gold
  8097 | D:8      | Maurice stole 22 gold
  8098 | D:8      | Killed Maurice
  8099 | D:8      | Reached skill level 12 in Polearms
  8792 | D:9      | Noticed a two-headed ogre
  8797 | D:9      | Killed a two-headed ogre
  8801 | D:9      | Reached skill level 13 in Polearms
  8894 | D:9      | Noticed Prince Ribbit
  8906 | D:9      | Killed Prince Ribbit
  8981 | D:9      | Noticed Joseph
  8993 | D:9      | Killed Joseph
  9293 | D:9      | Received a gift from Trog
  9479 | D:10     | Entered Level 10 of the Dungeon
  9562 | D:10     | Noticed a deep elf pyromancer
  9571 | D:10     | Reached skill level 14 in Polearms
  9571 | D:10     | Reached skill level 1 in Evocations
  9571 | D:10     | Reached XP level 11. HP: 64/75 MP: 11/11
  9572 | D:10     | Killed a deep elf pyromancer
  9582 | D:10     | Identified the ring "Gadioce" {rPois rF+ rC+ Str-5}
  9717 | D:10     | Noticed a deep elf pyromancer
  9717 | D:10     | Noticed Fannar
  9718 | D:10     | Noticed a boulder beetle
  9720 | D:10     | Noticed a skeletal warrior
  9720 | D:10     | Killed a deep elf pyromancer
  9724 | D:10     | Killed a skeletal warrior
  9728 | D:10     | Killed a boulder beetle
  9729 | D:10     | Noticed a red ugly thing
  9733 | D:10     | Killed Fannar
  9735 | D:10     | Killed a red ugly thing
  9741 | D:10     | Noticed a boulder beetle
  9743 | D:10     | Killed a boulder beetle
  9768 | D:10     | Identified the +5 steam dragon scales of Least Resistance
                  | {Slay+2}
  9960 | D:10     | Reached skill level 5 in Fighting
  9967 | D:10     | Reached skill level 15 in Polearms
 10262 | D:10     | Found a staircase to the Orcish Mines.
 10418 | D:10     | Found a radiant altar of Vehumet.
 10427 | D:10     | Found an ancient bone altar of Kikubaaqudgha.
 10431 | D:10     | Found a shimmering blue altar of Sif Muna.
 10462 | D:10     | Got an ancient book
 10885 | D:11     | Noticed Gastronok
 10897 | D:11     | Killed Gastronok
 10898 | D:11     | Reached XP level 12. HP: 87/87 MP: 12/12
 11077 | D:11     | Found a staircase to the Lair.
 11200 | D:11     | Reached skill level 5 in Evocations
 11324 | D:11     | Noticed Harold
 11337 | D:11     | Killed Harold
 11560 | D:12     | Noticed a boulder beetle
 11571 | D:12     | Killed a boulder beetle
 11943 | D:12     | Noticed Nessos
 11953 | D:12     | Killed Nessos
 12080 | D:12     | Reached skill level 16 in Polearms
 12398 | Lair:1   | Entered Level 1 of the Lair of Beasts
 13387 | Lair:2   | Noticed a death yak
 13444 | Lair:2   | Noticed a four-headed hydra
 13451 | Lair:2   | Killed a four-headed hydra
 13519 | Lair:1   | Reached XP level 13. HP: 96/96 MP: 13/13
 13764 | Lair:2   | Received a gift from Trog
 13779 | Lair:2   | Gained mutation: You are frail. (-10% HP) [potion of
                  | mutation]
 13779 | Lair:2   | Gained mutation: Your mind is acute. (Int +4, Str/Dex -1)
                  | [potion of mutation]
 13780 | Lair:2   | Lost mutation: Your mind is acute. (Int +4, Str/Dex -1)
                  | [potion of mutation]
 13780 | Lair:2   | Lost mutation: You are frail. (-10% HP) [potion of
                  | mutation]
 13780 | Lair:2   | Gained mutation: Your movements are slightly less
                  | encumbered by armour. (ER -2) [potion of mutation]
 13780 | Lair:2   | Gained mutation: You are partially covered in large bone
                  | plates. (SH +4) [potion of mutation]
 13811 | Lair:2   | Identified a scroll of acquirement
 13811 | Lair:2   | Acquired the +0 hat of Pan-Flutes {Str+5}
 13960 | Lair:2   | Noticed Amaemon
 13967 | Lair:2   | Killed Amaemon
 13968 | Lair:2   | Reached skill level 17 in Polearms
 14035 | Lair:2   | Found a staircase to the Shoals.
 14991 | Lair:2   | Found a sparkling altar of Nemelex Xobeh.
 15401 | Lair:3   | Found a staircase to the Snake Pit.
 16031 | Lair:3   | Reached skill level 1 in Shapeshifting
 16524 | Lair:4   | Reached XP level 14. HP: 21/108 MP: 14/14
 16680 | Lair:4   | Reached skill level 18 in Polearms
 17144 | Lair:4   | Received a gift from Trog
 17553 | Lair:4   | Found a viscous altar of Jiyva.
 17553 | Lair:4   | Found a staircase to the Slime Pits.
 17590 | Lair:5   | Entered Level 5 of the Lair of Beasts
 18765 | Lair:5   | Reached skill level 5 in Dodging
 18765 | Lair:5   | Reached skill level 5 in Shapeshifting
 19112 | Lair:5   | Identified the +3 war axe of Kuigoul {heavy, Will+ rCorr
                  | Int+2}
 19212 | Lair:5   | Found a runed translucent door.
 19326 | Lair:5   | Reached skill level 19 in Polearms
 19909 | Orc:1    | Entered Level 1 of the Orcish Mines
 20344 | Orc:2    | Entered Level 2 of the Orcish Mines
 20426 | Orc:1    | Reached XP level 15. HP: 108/113 MP: 15/15
 20641 | Orc:1    | Received a gift from Trog
 20948 | Orc:2    | Found a staircase to the Elven Halls.
 21807 | Orc:2    | Found Muecaotoox's Book Shop.
 21807 | Orc:2    | Found Egibbuf's Distillery.
 21808 | Orc:2    | Found Plog's Magic Scroll Shop.
 21808 | Orc:2    | Found Fanel's Armour Boutique.
 21857 | Orc:2    | Acquired a +0 pair of boots of stealth
 22117 | D:13     | Found Joaq's Firing Range.
 22682 | D:13     | Bought a throwing net for 39 gold pieces
 22963 | D:14     | Received a gift from Trog
 22974 | D:14     | Found an opulent altar of Gozag.
 23353 | D:14     | Reached skill level 20 in Polearms
 23675 | D:14     | Found a gate to the Vaults.
 23962 | D:15     | Entered Level 15 of the Dungeon
 23984 | D:15     | Identified the +4 spear of Ad Valorem {freeze, +Blink Fly
                  | rElec}
 24441 | D:15     | Found a staircase to the Depths.
 24746 | D:15     | Reached XP level 16. HP: 120/120 MP: 16/16
 24791 | D:15     | Identified the +0 robe of Losib {rElec rC+}
 24896 | D:15     | Reached skill level 10 in Dodging
 25103 | Shoals:1 | Entered Level 1 of the Shoals
 25215 | Shoals:1 | Found Fioho's Armour Boutique.
 25373 | Shoals:1 | Received a gift from Trog
 25587 | Shoals:2 | Noticed Nikola
 25595 | Shoals:2 | Killed Nikola
 25596 | Shoals:2 | Reached skill level 10 in Shapeshifting
 26165 | Shoals:2 | Noticed Polyphemus
 26379 | Shoals:2 | Noticed Mlioglotl
 26506 | Shoals:1 | Killed Mlioglotl
 26569 | Shoals:2 | Killed Polyphemus
 26843 | Shoals:2 | Found a runed translucent gate.
 26843 | Shoals:2 | Found a runed translucent gate.
 26844 | Shoals:2 | Found a runed translucent gate.
 26849 | Shoals:2 | Noticed Nr616's ghost (adept MiGl)
 27150 | Shoals:2 | Received a gift from Trog
 27438 | Shoals:2 | Noticed Roxanne
 27593 | Shoals:3 | Found Zilaf's Jewellery Emporium.
 27612 | Shoals:3 | Found Jiemot's Book Shoppe.
 27754 | Shoals:3 | Found a runed translucent door.
 27754 | Shoals:3 | Found a shimmering altar of Xom.
 27754 | Shoals:3 | Noticed EnegeticOcto's ghost (adept DECK)
 27754 | Shoals:3 | Found the +18 shield of the Gong {Loud rN+ Will+ rCorr
                  | EV-5}
 27764 | Shoals:3 | Found Linkuf's Magic Scroll Shop.
 27825 | Shoals:3 | Bought a scroll of acquirement for 728 gold pieces
 27825 | Shoals:3 | Acquired a manual of Fighting
 27829 | Shoals:3 | Bought a scroll of fog for 56 gold pieces
 27829 | Shoals:3 | Bought a scroll of fog for 56 gold pieces
 27900 | Shoals:3 | Found a frozen archway.
 28004 | IceCv    | Entered an ice cave
 28349 | IceCv    | Found the +4 skin of Zhor {*Englaciate rC+++ SInv}
 28447 | IceCv    | Found an ancient bone altar of Kikubaaqudgha.
 28507 | IceCv    | Noticed a lich
 28720 | IceCv    | Killed a lich
 28721 | IceCv    | Reached XP level 17. HP: 121/126 MP: 17/17
 29360 | Shoals:4 | Entered Level 4 of the Shoals
 29425 | Shoals:4 | Reached ****** piety under Trog
 29425 | Shoals:4 | Received a gift from Trog
 29557 | Shoals:4 | Noticed Bai Suzhen
 29574 | Shoals:4 | Killed Bai Suzhen
 31452 | Shoals:4 | HP: 6/126 [satyr/+0 quarterstaff (8)]
 31717 | Shoals:4 | Got a barnacled rune of Zot
 31948 | Snake:1  | Entered Level 1 of the Snake Pit
 31968 | Snake:1  | Shot with a bolt by a naga sharpshooter

Illustrated notes

Levels and vault maps discovered:
D:1:      moated_graveyard_arrival, layout_basic, minmay_pentomino_w2
D:2:      layout_loops_ring, basic_altar, grunt_ministairs_6, nicolae_the_louvre
D:3:      minmay_goblin_kobold_castle, layout_basic,
          nicolae_wu_jian_wuxing_cycle, shapermc_ecumenical_altar_starsandcircs,
          serial_shops, nicolae_shop_just_a_little_nook, uniq_grinder
D:4:      layout_basic, nicolae_overflow_squiral, cheibrodos_sewer_entry_drain,
          enter_ossuary_5
D:5:      layout_cave_pods, minmay_misc_feat_plants
D:6:      lemuel_ratsnest, layout_loops_corners, bloody_trog,
          mainiacjoe_overflow_catwalk, minmay_temple_entry_grid,
          kennysheep_generic_room_3
D:7:      layout_loops_ring, grunt_qazlal_clouds, nicolae_ru_path_of_blood,
          chequers_temple_overflow_statue_of_worship, lightli_church_of_beogh
D:8:      layout_gridville, nicolae_dithmenos_shadow_blocks,
          nemelex_xobeh_ov_fountains_minmay, worms_lemuel, uniq_maurice
D:9:      layout_irregular_city, uniq_joseph, uniq_prince_ribbit1
D:10:     minmay_the_grid_net [minmay_the_grid_expand, minmay_the_grid_tri_star,
          minmay_the_grid_tree, minmay_the_grid_all_tris, minmay_the_grid_box_x,
          minmay_the_grid_prize_shrinking_boxes], layout_gridville,
          grunt_temple_overflow_magic_moments, orc_0_dummy, uniq_fannar
D:11:     layout_roguey, grunt_lair_entry_orc_guard_hut, uniq_gastronok,
          uniq_harold
D:12:     layout_irregular_city, serial_column_ruins, column_ruins_hut,
          column_ruins_square_small, column_ruins_open_medium,
          column_ruins_open_tiny, column_ruins_open_small,
          column_ruins_open_small, column_ruins_columns_straight,
          chequers_serial_rivers_micro_b, kennysheep_generic_room_10,
          uniq_nessos
D:13:     layout_rooms, nicolae_shop_firing_range
D:14:     layout_irregular_city, david_vaults_4, grunt_gozag_breadcrumbs
D:15:     gammafunk_enter_depths_forms, layout_irregular_city,
          hangedman_abyss_or_decor_lesser_grid
Temple:   nicolae_temple_little_seven
Lair:1:   layout_cave_shapes, cheibrodos_lair_reptile_den, serial_bayou_shore_a
Lair:2:   layout_chaotic_city, elwin_shoals_entry_rocks, minivault_24,
          lemuel_oklob_altar, grunt_megastairs_4, infiniplex_staircase_pool_2,
          serial_bayou_shore_b, uniq_amaemon
Lair:3:   layout_misc_corridors, minmay_snake_entry_six_corridors
Lair:4:   layout_regular_city, dpeg_slime_entry_enclosed, minivault_25,
          beast_lair_carwin_3, lemuel_fruit_tree
Lair:5:   wormcave, layout_regular_city, hangedman_lair_in_review,
          serial_bayou_pond_d, hangedman_lair_generics_rect, lemuel_fruit_fields
Shoals:1: layout_shoals, serial_shops, shop
Shoals:2: layout_shoals, gammafunk_ghost_tricky_traps, uniq_nikola,
          uniq_mlioglotl, uniq_polyphemus, uniq_roxanne
Shoals:3: layout_shoals, ebering_ghost_xom, portal_ice_cave_entry_ugly_swarm,
          serial_shops, nicolae_shop_window_shopping, nicolae_shop_stone, shop
Shoals:4: shoals_end_grunt_garden, layout_shoals, uniq_bai_suzhen
Snake:1:  layout_onion_interference, hellmonk_ghost_happy_afterlife, uniq_aizul
Orc:1:    layout_caves, basic_altar
Orc:2:    st_orc_pillars, layout_caves

Skill      XL: |  1  2  3  4  5  6  7  8  9 10 11 12 13 14 15 16 17 |
---------------+----------------------------------------------------+-----
Polearms       | 3 5 6 7 9 11 14 15 16 17 19 20 | 20.0
Throwing       | 1 2 3 4 5 6 |  6.0
Fighting       | 3 5 7 9 |  9.4
Evocations     | 1 4 6 8 |  8.0
Shapeshifting  | 2 6 9 12 13 | 13.6
Dodging        | 6 9 13 14 | 14.6
Armour         | |  1.7

Action                     |  1- 3 |  4- 6 |  7- 9 | 10-12 | 13-15 | 16-18 || total
---------------------------+-------+-------+-------+-------+-------+-------++-------
  Melee: Spear             |   101 |   228 |   387 |       |       |       ||   716
         Bite              |     5 |    19 |    29 |    37 |    92 |    43 ||   225
         Punch             |       |     3 |       |       |       |       ||     3
         Trident           |       |       |   113 |   443 |   363 |       ||   919
         Glaive            |       |       |       |       |   580 |   414 ||   994
  Throw: Dart              |       |     2 |     3 |     7 |    42 |     6 ||    60
         Boomerang         |       |       |       |     2 |    40 |    65 ||   107
         Throwing net      |       |       |       |     1 |     2 |     2 ||     5
         Javelin           |       |       |       |       |     3 |       ||     3
 Invoke: Berserk           |     2 |     3 |     4 |    11 |     9 |     7 ||    36
         Trog's Hand       |       |     3 |       |     3 |     6 |     4 ||    16
         Brothers in Arms  |       |       |       |     4 |     5 |     3 ||    12
  Evoke: Sack of spiders   |       |       |       |     1 |     1 |       ||     2
         Phantom mirror    |       |       |       |       |     1 |     1 ||     2
         Wand              |       |       |       |       |     4 |     9 ||    13
    Use: Scroll            |       |     6 |     4 |       |    20 |    17 ||    47
         Potion            |       |       |     7 |     1 |     5 |     2 ||    15
   Stab: Distracted        |       |       |       |     1 |     3 |     2 ||     6
         Held in net/web   |       |       |       |     1 |     2 |     2 ||     5
         Sleeping          |       |       |       |     1 |     1 |     4 ||     6
         Petrifying        |       |       |       |       |     3 |       ||     3
 Armour: Ring mail         |    48 |     1 |       |       |       |       ||    49
         Chain mail        |       |   134 |   136 |       |       |       ||   270
         Acid dragon scale |       |       |    44 |    76 |       |       ||   120
         Steam dragon scal |       |       |       |   195 |   486 |   151 ||   832
         Skin              |       |       |       |       |    14 |       ||    14
         Plate armour      |       |       |       |       |    10 |       ||    10
         Animal skin       |       |       |       |       |       |   129 ||   129
  Dodge: Dodged            |    44 |    97 |   109 |   254 |   515 |   348 ||  1367
  Block: Buckler           |       |       |    42 |    69 |    67 |       ||   178
         Other             |       |       |       |       |    89 |    70 ||   159
         Form:             |       |       |       |       |       |     1 ||     1
         Statue            |       |       |       |       |       |     1 ||     1

Table legend: (Time is in decaauts)
 A = Elapsed time spent in this place.
 B = Non-inter-level travel time spent in this place.
 C = Inter-level travel time spent in this place.
 D = Time resting spent in this place.
 E = Time spent auto-exploring this place.
 F = Levels seen in this place.
 G = Mean time per level.
                   A        B        C        D        E       F      G
               +--------+--------+--------+--------+--------+-----+--------+
         Total |  32717 |  30934 |   1783 |   6325 |  13125 |  31 | 1055.4 |
       Dungeon |  15227 |  14264 |    963 |   1770 |   7460 |  15 | 1015.1 |
        Temple |      1 |      1 |      0 |      0 |      0 |   1 |    1.0 |
          Lair |   7731 |   7299 |    432 |   1696 |   3458 |   5 | 1546.2 |
        Shoals |   6164 |   5891 |    273 |   2310 |   1377 |   4 | 1541.0 |
     Snake Pit |     20 |     20 |      0 |      0 |      0 |   1 |   20.0 |
  Orcish Mines |   1921 |   1808 |    113 |    357 |    763 |   2 |  960.5 |
         Sewer |    381 |    381 |      0 |     20 |     28 |   1 |  381.0 |
       Ossuary |    251 |    251 |      0 |      0 |      0 |   1 |  251.0 |
      Ice Cave |   1018 |   1018 |      0 |    171 |     38 |   1 | 1018.0 |
               +--------+--------+--------+--------+--------+-----+--------+

Top non-repeatable levels by time:
  Lair:5: 2293 daAuts
Shoals:3: 1909 daAuts
Shoals:4: 1556 daAuts
     D:3: 1528 daAuts
  Lair:2: 1490 daAuts
   Orc:2: 1418 daAuts
  Lair:3: 1404 daAuts
  Lair:1: 1394 daAuts
Shoals:2: 1374 daAuts
Shoals:1: 1325 daAuts
     D:6: 1299 daAuts
    D:12: 1281 daAuts
    D:10: 1195 daAuts
    D:11: 1154 daAuts
  Lair:4: 1148 daAuts
